 Dungeon Crawl Stone Soup version 0.19-a0-1895-g783e625 (webtiles) character file.

254 poirepourri the Chopper (level 5, 0/47 HPs)
             Began as a Minotaur Chaos Knight on Oct 18, 2016.
             Slain by a hungry ghost (4 damage)
             ... while paralysed
             ... on level 4 of the Dungeon.
             The game lasted 00:05:21 (3581 turns).

poirepourri the Chopper (Minotaur Chaos Knight)     Turns: 3581, Time: 00:05:21

Health: 0/47       AC:  6    Str: 14 (17) XL:     5   Next: 90%
Magic:  4/4        EV:  2    Int:  8 (9)  God:    Xom [......]
Gold:   211        SH:  0    Dex:  8 (10) Spells: 0 memorised, 4 levels left

rFire  . . .     SeeInvis .     a - +0 hand axe (chaos)
rCold  . . .     Gourm    .     b - +2 leather armour
rNeg   . . .     Faith    .     (no shield)
rPois  .         Spirit   .     (helmet restricted)
rElec  .         Reflect  .     (no cloak)
rCorr  .         Harm     .     q - +0 pair of gloves
MR     .....     Rnd*Tele +     (no boots)
Stlth  +.........               (no amulet)
                                (no ring)
                                w - ring of teleportation

@: paralysed, exhausted, fainting, slowed
A: retaliatory headbutt, horns 2, deterioration 2, wild magic 1
a: Renounce Religion


You were on level 4 of the Dungeon.
You worshipped Xom.
You were a very special plaything of Xom.
You were fainting.

You visited 1 branch of the dungeon, and saw 4 of its levels.

You collected 211 gold pieces.

Inventory:

Hand Weapons
 a - a +0 hand axe of chaos (weapon)
Missiles
 k - 42 bolts
Armour
 b - a +2 leather armour (worn)
 p - a +0 shield
 q - a +0 pair of gloves (worn)
Jewellery
 w - a ring of teleportation (left hand)
Wands
 n - a wand of polymorph (11/24)
 t - a wand of lightning (10/15)
Scrolls
 h - a scroll of fog
 x - a scroll of teleportation {unknown}
 y - a scroll of remove curse
Potions
 d - a potion of might
 e - a potion of ambrosia {unknown}
 g - 2 potions of flight
 i - a potion of lignification {unknown}
 s - a potion of degeneration {unknown}
 u - a potion of curing {unknown}
 v - a potion of berserk rage
 z - a potion of agility {unknown}
Books
 l - a book of Geomancy

   Spells                             Type                      Level
   a - Sandblast                      Earth                        1
   b - Passwall                       Transmutation/Earth          2
   c - Stone Arrow                    Conjuration/Earth            3
   d - Petrify                        Transmutation/Earth          4
   e - Lee's Rapid Deconstruction     Earth                        5
Comestibles
 c - 3 bread rations
 j - 6 fruits
 o - a meat ration
 r - a slice of pizza


   Skills:
 + Level 4.8 Fighting
 + Level 5.9 Axes
 + Level 3.4 Armour
 + Level 3.2 Dodging
 - Level 0.3 Stealth


You had 4 spell levels left.
You didn't know any spells.

Dungeon Overview and Level Annotations

Branches:
Dungeon (4/15)
 Temple: D:4-7

Altars:


Innate Abilities, Weirdness & Mutations

You reflexively headbutt those who attack you in melee.
You have a pair of horns on your head.
Your body often deteriorates upon taking damage.
Your spells are a little harder to cast, but a little more powerful.


Message History

You feel somewhat more hungry.
Unknown command.
You miss something. Something hits you.
You feel somewhat more hungry.
Unknown command.
You miss something.
You are no longer berserk.
You are exhausted.
You feel yourself slow down. Something hits you.
You are fainting from starvation!
You barely miss something. Something hits you.
You feel slightly more hungry.
Unknown command.
You miss something.
You lose consciousness!
Something hits you.
* * * LOW HITPOINT WARNING * * *
You feel slightly more hungry. Something hits you.
You feel slightly more hungry. Something hits you.
You die... "This toy is broken."

.......# ##..#.#
#(##.# .......#
..#.. #.##.#
......(. # ..#
#.##.# ..##.......
.... #.##.# ..
####..... ...
#.##.# . #.....
##.##.# ##....####
#..#..# #......#
####....##
#....#@# #.....###
##...†{# #<##..#
#.....>......##
#...............#
#/...............#
#................#
#................#
#.........[......#
.............#


There were no monsters in sight!

Vanquished Creatures
  A hound (D:4)
  An iguana (D:4)
  A worker ant (D:4)
  A howler monkey skeleton (D:4)
  7 adders
  An ooze (D:2)
  2 worms
  2 dart slugs (D:2)
  2 leopard geckos
  7 orcs
  5 giant cockroaches
  6 hobgoblins
  3 jackals (D:1)
  10 kobolds
  A quokka (D:2)
  A ball python (D:3)
  13 bats
  6 frilled lizards
  9 goblins
  7 rats
86 creatures vanquished.

Notes
Turn   | Place    | Note
-------+----------+-------------------------------------------
     0 | D:1      | poirepourri the Minotaur Chaos Knight began the quest for the Orb.
     0 | D:1      | Reached XP level 1. HP: 19/19 MP: 0/0
   235 | D:1      | Reached skill level 4 in Axes
   238 | D:1      | Reached XP level 2. HP: 20/27 MP: 1/1
   329 | D:1      | XOM: harmless Ice miscast
   409 | D:1      | XOM: divination: detect creatures
   915 | D:2      | Reached XP level 3. HP: 28/33 MP: 2/2
  1434 | D:2      | XOM: silly message
  1488 | D:2      | Reached XP level 4. HP: 28/41 MP: 3/3
  1680 | D:2      | Reached skill level 5 in Axes
  2079 | D:3      | XOM: mild Fire miscast
  2250 | D:3      | Reached XP level 5. HP: 39/47 MP: 4/4
  2547 | D:3      | XOM: give mutations
  2547 | D:3      | Gained mutation: Your spells are a little harder to cast, but a little more powerful. [Xom's mischief]
  2547 | D:3      | Gained mutation: Your body sometimes deteriorates upon taking damage. [Xom's mischief]
  2547 | D:3      | Gained mutation: Your body often deteriorates upon taking damage. [Xom's mischief]
  2764 | D:4      | XOM: summons 2 hostile demons
  3097 | D:3      | XOM: harmless Tmut miscast
  3230 | D:4      | HP: 1/47 [something (3)]
  3547 | D:4      | XOM: 3-stop teleportation journey
  3548 | D:4      | Noticed a hungry ghost
  3561 | D:4      | XOM: harmless Erth miscast
  3565 | D:4      | Paralysed by fainting for 5 turns
  3580 | D:4      | Paralysed by fainting for 8 turns
  3581 | D:4      | Slain by a hungry ghost

Vault maps used:
D:1:      erik_arrival_cave_to_civilisation
D:2:      wad_river_or_something, first_bread
D:3:      kennysheep_cross_room
D:4:      fedhas_altar_2

Skill      XL: |  1  2  3  4  5 |
---------------+----------------+-----
Axes           | 4 5 |  5.9
Fighting       | 4 |  4.8
Armour         | 3 |  3.4
Dodging        | 2 3 |  3.2
Stealth        | |  0.3

Action                   |  1- 3 |  4- 6 || total
-------------------------+-------+-------++-------
Melee: Hand axe          |    69 |   101 ||   170
       Headbutt          |    11 |     7 ||    18
  Use: Scroll            |     6 |     5 ||    11
       Potion            |       |     2 ||     2
  Eat: Bread ration      |     1 |       ||     1
       Meat ration       |       |     1 ||     1
       Royal jelly       |       |     1 ||     1
       Fruit             |       |     1 ||     1
Armor: Leather armour    |    45 |    53 ||    98
Dodge: Dodged            |    56 |    72 ||   128
